 Dungeon Crawl Stone Soup version 0.25-a0-565-g8875c97ebb (webtiles) character file.

Game seed: 10499935648911287347, levelgen mode: deterministic

387408 Flugslaktarn the Executioner (level 21, -21/192 HPs)
             Began as a Deep Dwarf Fighter on Feb 26, 2020.
             Was the Champion of Makhleb.
             Demolished by an Orb Guardian (30 damage)
             ... on level 5 of the Realm of Zot.
             The game lasted 00:21:00 (18565 turns).

Flugslaktarn the Executioner (Deep Dwarf Fighter)  Turns: 18565, Time: 00:21:01

Health: -21/192    AC: 32    Str: 26    XL:     21   Next: 68%
Magic:  9/9        EV:  0    Int: 11    God:    Makhleb [******]
Gold:   640        SH: 26    Dex: 10    Spells: 20/20 levels left

rFire    + + .     SeeInvis +   J - +9 broad axe (freeze)
rCold    + . .     Gourm    .   R - +0 tower shield
rNeg     + . .     Faith    .   M - +0 gold dragon scales
rPois    +         Spirit   .   V - +1 helmet {SInv}
rElec    .         Reflect  +   N - +1 cloak {+Inv}
rCorr    .         Harm     .   m - +1 pair of gloves
MR       +++..     Rnd*Rage +   u - +2 pair of boots
Stlth    ..........             L - +5 amulet of reflection
HPRegen  0.00/turn              p - +5 ring of protection
MPRegen  0.11/turn              f - ring of protection from fire

@: about to teleport, no potions, vertigo, non-regenerating
A: damage resistance, heal wounds, berserk 1, clumsy 1, deformed body, frail 1,
low mp 1, negative energy resistance 1, sense surroundings 3, weak 1, no potion
heal 1, no regeneration
}: 3/15 runes: decaying, serpentine, silver
a: Heal Wounds, Minor Destruction, Lesser Servant of Makhleb, Major Destruction,
Greater Servant of Makhleb, Renounce Religion, Evoke Invisibility


You were on level 5 of the Realm of Zot.
You worshipped Makhleb.
Makhleb was exalted by your worship.
You were hungry.

You visited 8 branches of the dungeon, and saw 41 of its levels.
You also visited: Gauntlet.

You collected 1942 gold pieces.
You spent 1302 gold pieces at shops.

Inventory:

Hand Weapons
 g - a +4 broad axe of venom
   (You acquired it on level 12 of the Dungeon)
 J - a +9 broad axe of freezing (weapon)
   (You took it off Urug on level 13 of the Dungeon)
Missiles
 D - 6 throwing nets (quivered)
Armour
 m - a +1 pair of gloves (worn)
   (You found it on level 4 of the Dungeon)
 u - a +2 pair of boots (worn)
   (You found it on level 6 of the Dungeon)
 z - a +0 cloak of magic resistance
   (You took it off Nikola on level 3 of the Vaults)
 C - +0 storm dragon scales
   (You found it on level 5 of the Depths)
 M - +0 gold dragon scales (worn)
   (You found it on level 2 of the Realm of Zot)
 N - a +1 cloak of invisibility (worn)
   (You took it off Crazy Yiuf on level 4 of the Dungeon)
 R - a +0 tower shield (worn)
   (You found it on level 2 of the Swamp)
 V - a +1 helmet of see invisible (worn)
   (You found it in a Gauntlet)
Jewellery
 c - an uncursed ring of protection from cold
   (You found it on level 12 of the Dungeon)
 f - a ring of protection from fire (right hand)
   (You found it on level 4 of the Swamp)
 i - an uncursed ring of see invisible
   (You found it on level 5 of the Dungeon)
 k - an uncursed ring of resist corrosion
   (You found it in a Gauntlet)
 o - an uncursed ring of poison resistance
   (You found it on level 8 of the Dungeon)
 p - a +5 ring of protection (left hand)
   (You found it on level 4 of the Vaults)
 L - a +5 amulet of reflection (around neck)
   (You found it on level 9 of the Dungeon)
 O - the ring "Torghadane" {rElec rPois rN+ Str-2}
   (You bought it in a shop on level 5 of the Depths)

   [ring of positive energy]

   It affects your strength (-2).
   It insulates you from electricity.
   It protects you from poison.
   It protects you from negative energy.
 P - a +5 ring of strength
   (You found it on level 12 of the Dungeon)
Wands
 a - a wand of acid (29)
   (You found it on level 11 of the Dungeon)
 x - a wand of scattershot (6)
   (You found it on level 3 of the Depths)
 A - a wand of iceblast (22)
   (You found it on level 9 of the Dungeon)
 E - a wand of clouds (3)
   (You took it off Harold on level 9 of the Dungeon)
 I - a wand of paralysis (28)
   (You found it on level 13 of the Dungeon)
Scrolls
 j - 8 scrolls of remove curse
 l - 5 scrolls of fog
 r - 8 scrolls of identify
 s - 4 scrolls of fear
 t - 13 scrolls of teleportation
 v - 2 scrolls of immolation
 y - a scroll of summoning
Potions
 b - a potion of ambrosia
 h - 3 potions of haste
 n - a potion of resistance
 q - 7 potions of curing
 w - 4 potions of heal wounds
 B - 4 potions of magic
 F - a potion of flight
 G - 5 potions of mutation
 H - a potion of berserk rage
 K - 5 potions of stabbing
 T - 4 potions of invisibility
Comestibles
 e - 32 rations


   Skills:
 * Level 18.8 Fighting
 * Level 22.1 Axes
 + Level 16.7 Armour
 + Level 16.9 Shields
 + Level 18.1 Invocations


You had 20 spell levels left.
You didn't know any spells.
Your spell library was empty.

Dungeon Overview and Level Annotations

Branches:
Dungeon (15/15)            Temple (1/1) D:4            Lair (2/6) D:10
  Swamp (4/4) Lair:2        Snake (4/4) Lair:2          Orc (0/2) D:12
 Vaults (5/5) D:14         Depths (5/5) D:15            Zot (5/5) Depths:5
Gauntlet (visited)
  Crypt: Vaults:2-3

Altars:
Ashenzari
Cheibriados
Dithmenos
Elyvilon
Fedhas
Gozag
Hepliaklqana
Kikubaaqudgha
Makhleb
Nemelex Xobeh
Okawaru
Qazlal
Ru
Sif Muna
Trog
Uskayaw
Vehumet
Wu Jian
Xom
Yredelemnul
Zin
The Shining One
Beogh

Shops:
D:5 }   D:11 [   D:12 !   D:13 [   D:14 %   Vaults:1 *   Vaults:4 *
Depths:5 ==}

Portals:
Hell: Depths:2 Depths:4
Abyss: Depths:4
Ziggurat: Depths:2
Trove: D:10 (give +4 fire dragon scales)

Annotations:
Depths:2 exclusion: 4 doors
Zot:3 2 transporters


Innate Abilities, Weirdness & Mutations

You are resistant to damage.
You can heal yourself by infusing magical energy.
You resist negative energy. (rN+)
You passively map a large area around you.
You do not regenerate.
You tend to lose your temper in combat.
You are clumsy. (Dex -2)
Armour fits poorly on your strangely shaped body.
You are frail. (-10% HP)
Your magical capacity is low. (-10% MP)
You are weak. (Str -2)
Potions are less effective at restoring your health.


Message History

You chop the Killer Klown into pieces!!!
You freeze the Killer Klown! You slash the Orb Guardian!
You freeze the Orb Guardian. You hit the orb of fire.
You hit the Orb Guardian but do no damage.
The electric golem hits you but does no damage.
You block the electric golem's attack. x3; The Orb Guardian hits you!!
* * * LOW HITPOINT WARNING * * *
The Orb Guardian completely misses you.
The Orb Guardian hits you but does no damage.
You block the electric golem's attack.
The electric golem hits you but does no damage.
The electric golem hits you.
* * * LOW HITPOINT WARNING * * *
The electric golem hits you but does no damage.
The Killer Klown throws klown pie at you.
The klown pie hits you!!
Plum!
You feel light-headed.
* * * LOW HITPOINT WARNING * * *
The moth of wrath bites you but does no damage.
The Orb Guardian hits you!!
You die...

......#* **,,,,,,,,,,,,,,,,**
......# ##....^..[.....,,,,,**
..^..## #..............,,,,,,*
.^...# #..............,,,,,,*
.....## #..............,,,,,,*
......# #....^.........,,,,,,*
..[...## #......^....[..,,,,,^*
..^....###.....X.8......,,,,,,*
#####...###...D*@X......,,,,,**
##....##..(Xpyy.....,,,,**
###................,,,**
#▓▓▓▓▓▓▓▓▓▓▓##...,,**
****,,,,,,,,,,..,,,**
***,,,,,,,,^,,,,,.^,,,**
**,,,,,,,,,,,,,,,,,,,,,,** ****
*,,,,,,,,,,,,,,,,,,,,,,,,*
,,,***,,,,,,,,,,,,,,,,,,,,,,,,*


You could see an orb of fire, a Killer Klown, an electric golem, a storm dragon,
3 Orb Guardians and 2 moths of wrath.

Vanquished Creatures
  3 orbs of fire (Zot:5)
  2 juggernauts
  An ancient lich (Zot:5)
  the Lernaean hydra (Swamp:4)
  Bai Suzhen (Swamp:4)
  A curse toe (Zot:5)
  Nikola (Vaults:3)
  2 golden dragons
  A bone dragon (Depths:5)
  9 tentacled monstrosities
  7 Orb Guardians (Zot:5)
  4 quicksilver dragons
  A titan (Vaults:5)
  Frances (Snake:1)
  2 sphinxes (Vaults:5)
  A death cob (Zot:5)
  2 thorn hunters (Swamp:4)
  2 shadow dragons
  5 storm dragons
  4 nagarajas (Snake:4)
  8 frost giants
  18 vault wardens
  3 draconian scorchers
  3 deep elf sorcerers
  A ghost moth (Zot:1)
  6 fire giants
  3 iron dragons
  2 draconian knights (Zot:3)
  2 draconian annihilators
  13 ironheart preservers
  9 stone giants
  A draconian stormcaller (Zot:2)
  11 very ugly things
  A deep elf demonologist (Vaults:2)
  2 green draconians (Zot:3)
  2 war gargoyles (Vaults:5)
  2 entropy weavers
  A vampire knight (Depths:5)
  3 yellow draconians
  4 spark wasps (Depths:5)
  6 white draconians
  3 black draconians
  5 purple draconians
  Azrael (D:12)
  A minotaur (Gauntlet)
  6 ettins
  2 red draconians (Zot:3)
  8 fire dragons
  Josephine (D:10)
  7 yaktaur captains
  A great orb of eyes (Depths:2)
  Fannar (Lair:1)
  Harold (D:9)
  A deep elf high priest (Vaults:5)
  A rakshasa (Depths:2)
  9 ice dragons
  9 naga warriors
  19 hydras
  18 vault guards
  Erica (D:9)
  2 shambling mangroves
  3 centaur warriors
  A death knight (D:15)
  26 two-headed ogres
  2 anacondas (Snake:1)
  9 alligators
  A dancing weapon (Vaults:5)
  2 tengu warriors
  5 ogre magi
  2 deep troll earth magi
  A titan zombie (Depths:2)
  4 deep troll shamans
  2 shock serpents
  2 spriggan berserkers
  Urug (D:13)
  5 deep elf knights
  9 naga sharpshooters
  Sonja (D:12)
  7 iron trolls
  2 shadow wraiths
  9 deep trolls
  A flayed ghost (Depths:4)
  6 naga ritualists
  A glowing orange brain (Depths:3)
  6 swamp dragons
  An unseen horror (D:13)
  2 phantasmal warriors
  13 ironbrand convokers
  5 deep elf archers
  5 wizards
  5 harpies (Vaults:1)
  6 orc knights
  Pikel (D:6)
  3 wolf spiders
  3 manticores
  2 salamanders (Snake:2)
  8 deep elf magi
  3 necromancers
  A salamander (shapeshifter) (Vaults:4)
  2 fauns (shapeshifter)
  6 mana vipers
  23 ugly things
  A manticore (shapeshifter) (Depths:3)
  5 moths of wrath
  2 cyclopes
  A sphinx skeleton (Depths:2)
  A cyclops (shapeshifter) (Vaults:4)
  A centaur zombie (D:11)
  A smoke demon (Gauntlet)
  17 black mambas
  2 gargoyles
  A guardian serpent (Snake:3)
  14 naga magi
  11 vault sentinels
  A spriggan zombie (Depths:2)
  2 kobold demonologists (D:13)
  A komodo dragon (Lair:1)
  A yaktaur (shapeshifter) (Depths:4)
  A rime drake (Lair:1)
  4 spiny frogs
  21 yaktaurs
  3 freezing wraiths (Vaults:4)
  A spriggan skeleton (Depths:2)
  A meliai (shapeshifter) (Vaults:4)
  A meliai (D:14)
  3 tyrant leeches
  A jumping spider (Vaults:4)
  A tengu simulacrum (Vaults:4)
  4 trolls
  18 hornets
  A jumping spider (shapeshifter) (Depths:4)
  3 bog bodies (Swamp:4)
  4 hippogriffs
  17 slime creatures
  A meliai zombie (D:14)
  2 redbacks (Vaults:5)
  15 yaks
  Sigmund (D:4)
  9 spriggans
  2 wyverns
  A water elemental (Depths:5)
  3 shadows
  7 wraiths
  4 fire elementals
  A yak (shapeshifter) (Vaults:1)
  11 vampire mosquitoes
  A steam dragon (D:9)
  4 basilisks
  A hungry ghost (D:11)
  30 nagas
  13 swamp worms
  An acid dragon (D:13)
  2 soldier ants
  9 insubstantial wisps
  10 water moccasins
  3 hell hounds (D:12)
  2 porcupines
  An ice beast (D:13)
  11 swamp drakes
  14 orc warriors
  2 ice beasts (shapeshifter)
  4 slaves (D:6)
  5 phantoms
  An eye of draining (D:9)
  5 sky beasts
  2 necrophages (D:6)
  7 wolves
  22 ogres
  2 boggarts (Vaults:1)
  8 centaurs
  5 crocodiles
  7 big kobolds
  9 bullfrogs
  A wyvern zombie (D:10)
  2 wyvern skeletons (D:10)
  7 scorpions
  8 killer bees
  5 wights
  2 howler monkeys
  13 crimson imps
  Crazy Yiuf (D:4)
  3 jellies
  10 orc priests
  3 centaur skeletons
  6 hounds
  A gnoll shaman (D:4)
  6 bullfrog skeletons
  3 iguanas
  14 orc wizards
  10 worker ants
  2 hound skeletons
  2 howler monkey zombies
  2 worker ant zombies
  14 gnolls
  A howler monkey skeleton (D:8)
  18 adders
  9 shadow imps
  2 white imps (Gauntlet)
  An ooze (D:3)
  2 adder zombies
  2 adder skeletons
  4 leopard geckos
  39 orcs
  2 giant cockroaches
  3 goblins
  A hobgoblin (D:3)
  12 jackals
  25 kobolds
  6 quokkas
  2 ball pythons
  6 bats
  2 frilled lizards
  A rat (D:2)
  2 plants
1085 creatures vanquished.

Vanquished Creatures (collateral kills)
  A nagaraja (Snake:4)
  2 naga magi (Snake:4)
3 creatures vanquished.

Vanquished Creatures (others)
  A stone giant (Depths:1)
  A yaktaur captain (Vaults:4)
  A naga warrior (Snake:4)
  A deep elf archer (Vaults:1)
  A necromancer (Vaults:4)
  A naga mage (Snake:4)
  5 yaktaurs
  A sky beast (D:10)
  A centaur (D:10)
  2 orcs (D:9)
  3 kobolds
  2 briar patches (Swamp:4)
20 creatures vanquished.

Grand Total: 1108 creatures vanquished

Notes
Turn   | Place    | Note
-------+----------+-------------------------------------------
     0 | D:1      | Flugslaktarn the Deep Dwarf Fighter began the quest for the
                  | Orb.
     0 | D:1      | Reached XP level 1. HP: 20/20 MP: 1/1
    79 | D:1      | Reached XP level 2. HP: 10/27 MP: 2/2
   132 | D:2      | Reached skill level 3 in Axes
   145 | D:2      | Reached XP level 3. HP: 32/33 MP: 3/3
   425 | D:3      | Reached XP level 4. HP: 31/42 MP: 4/4
   455 | D:4      | Found a staircase to the Ecumenical Temple.
   479 | D:4      | Reached skill level 4 in Axes
   479 | D:4      | Reached XP level 5. HP: 19/49 MP: 4/4
   485 | Temple   | Entered the Ecumenical Temple
   702 | D:4      | Found a runed translucent door.
   703 | D:4      | Noticed Crazy Yiuf
   773 | D:4      | Found a white marble altar of Elyvilon.
   793 | D:4      | Noticed an ogre
   802 | D:4      | Killed an ogre
   806 | D:4      | Reached XP level 6. HP: 30/56 MP: 5/5
   885 | D:4      | Noticed Sigmund
   894 | D:4      | Killed Sigmund
   894 | D:4      | Reached skill level 5 in Axes
   985 | D:4      | Reached XP level 7. HP: 46/64 MP: 6/6
  1076 | D:4      | Reached skill level 5 in Armour
  1076 | D:4      | Reached skill level 5 in Shields
  1107 | D:4      | Found a radiant altar of Vehumet.
  1160 | D:4      | Reached skill level 6 in Axes
  1397 | D:4      | Paralysed by Crazy Yiuf for 3 turns
  1404 | D:4      | Paralysed by Crazy Yiuf for 7 turns
  1411 | D:4      | Killed Crazy Yiuf
  1468 | D:5      | Entered Level 5 of the Dungeon
  1678 | D:5      | Found Robesof's Gadget Boutique.
  1754 | D:5      | Reached XP level 8. HP: 60/73 MP: 7/7
  1813 | D:5      | Found an iron altar of Okawaru.
  2176 | D:5      | Reached skill level 7 in Axes
  2328 | D:6      | Reached skill level 5 in Fighting
  2423 | D:6      | Reached skill level 8 in Axes
  2599 | D:6      | Noticed Pikel
  2654 | D:6      | Gained mutation: You passively map the area around you.
                  | [Deep Dwarf growth]
  2654 | D:6      | Reached XP level 9. HP: 52/81 MP: 6/6
  2663 | D:6      | Killed Pikel
  2674 | D:6      | Reached skill level 9 in Axes
  3080 | D:7      | Found a burning altar of Makhleb.
  3083 | D:7      | Became a worshipper of Makhleb the Destroyer
  3161 | D:7      | Reached skill level 1 in Invocations
  3300 | D:7      | Found a shadowy altar of Dithmenos.
  3671 | D:8      | Reached * piety under Makhleb
  4121 | D:9      | Noticed Erica
  4137 | D:9      | Killed Erica
  4137 | D:9      | Reached skill level 10 in Axes
  4137 | D:9      | Reached XP level 10. HP: 78/94 MP: 8/8
  4275 | D:9      | Noticed Harold
  4282 | D:9      | Reached ** piety under Makhleb
  4300 | D:9      | Killed Harold
  4472 | D:9      | Noticed a green ugly thing
  4494 | D:9      | Noticed a red ugly thing
  4506 | D:9      | Noticed a cyclops
  4520 | D:9      | Killed a cyclops
  4540 | D:9      | Killed a green ugly thing
  4540 | D:9      | Reached skill level 11 in Axes
  4540 | D:9      | Reached skill level 5 in Invocations
  4555 | D:9      | Killed a red ugly thing
  4742 | D:9      | Reached XP level 11. HP: 73/103 MP: 9/9
  4848 | D:9      | Reached *** piety under Makhleb
  5137 | D:10     | Entered Level 10 of the Dungeon
  5255 | D:10     | Found a staircase to the Lair.
  5376 | D:10     | Noticed Josephine
  5436 | D:10     | Killed Josephine
  5717 | D:10     | Found a portal to a secret trove of treasure.
  6027 | D:11     | Noticed a two-headed ogre
  6052 | D:11     | Killed a two-headed ogre
  6052 | D:11     | Reached **** piety under Makhleb
  6052 | D:11     | Reached skill level 12 in Axes
  6191 | D:11     | Found Jeirisurhu's Antique Armour Boutique.
  6559 | D:12     | Noticed a two-headed ogre
  6569 | D:12     | Killed a two-headed ogre
  6574 | D:12     | Reached XP level 12. HP: 115/115 MP: 10/10
  6703 | D:12     | Noticed Azrael
  6766 | D:12     | Killed Azrael
  6938 | D:12     | Reached skill level 10 in Fighting
  6953 | D:12     | Noticed Sonja
  6963 | D:12     | Killed Sonja
  7060 | D:12     | Found a staircase to the Orcish Mines.
  7066 | D:12     | Reached ***** piety under Makhleb
  7088 | D:12     | Found a roughly hewn altar of Beogh.
  7154 | D:12     | Reached skill level 10 in Shields
  7185 | D:12     | Reached skill level 13 in Axes
  7245 | D:12     | Found Dyimou's Distillery.
  7256 | D:12     | Bought a potion of mutation for 104 gold pieces
  7256 | D:12     | Bought a potion of invisibility for 104 gold pieces
  7265 | D:12     | Identified a scroll of acquirement
  7265 | D:12     | Identified the amulet of the Water Diviner {Faith MR++}
                  | (You acquired it on level 12 of the Dungeon)
  7416 | D:12     | Reached skill level 10 in Armour
  7436 | D:13     | Noticed a two-headed ogre
  7447 | D:13     | Killed a two-headed ogre
  7470 | D:13     | Found Xyiruot's Armour Emporium.
  7618 | D:13     | Noticed Urug
  7639 | D:13     | Killed Urug
  8084 | D:14     | Reached XP level 13. HP: 115/126 MP: 12/12
  8211 | D:14     | Found a gate leading to a gauntlet.
  8269 | Gauntlet | Entered a Gauntlet
  8269 | Gauntlet | Found a transporter.
  8269 | Gauntlet | Found a transporter.
  8269 | Gauntlet | Found a transporter.
  8273 | Gauntlet | Found a transporter.
  8273 | Gauntlet | Found a transporter.
  8273 | Gauntlet | Found a transporter.
  8283 | Gauntlet | Found a transporter.
  8287 | Gauntlet | Found a transporter.
  8289 | Gauntlet | Found a large runed translucent door.
  8290 | Gauntlet | Found a large runed translucent door.
  8291 | Gauntlet | Found a large runed translucent door.
  8291 | Gauntlet | Found a runed translucent door.
  8291 | Gauntlet | Found a large runed translucent door.
  8292 | Gauntlet | Found a large runed translucent door.
  8293 | Gauntlet | Found a large runed translucent door.
  8294 | Gauntlet | Found a large runed translucent door.
  8294 | Gauntlet | Found a large runed translucent door.
  8295 | Gauntlet | Found a runed translucent gate.
  8297 | Gauntlet | Found a transporter.
  8400 | Gauntlet | Found a transporter.
  8402 | Gauntlet | Found a transporter.
  8404 | Gauntlet | Found a large runed translucent door.
  8405 | Gauntlet | Found a large runed translucent door.
  8406 | Gauntlet | Found a large runed translucent door.
  8406 | Gauntlet | Found a large runed translucent door.
  8406 | Gauntlet | Found a runed translucent door.
  8407 | Gauntlet | Found a large runed translucent door.
  8408 | Gauntlet | Found a large runed translucent door.
  8409 | Gauntlet | Found a large runed translucent door.
  8409 | Gauntlet | Found a large runed translucent door.
  8410 | Gauntlet | Found a runed translucent gate.
  8410 | Gauntlet | Found a runed translucent gate.
  8412 | Gauntlet | Found a transporter.
  8574 | Gauntlet | Got a pitted wooden ring
  8605 | Gauntlet | Noticed a minotaur
  8623 | Gauntlet | Killed a minotaur
  8668 | D:14     | Reached skill level 14 in Axes
  8741 | D:14     | Found Xeigg's Food Emporium.
  8881 | D:14     | Noticed an ironheart preserver
  8890 | D:14     | Killed an ironheart preserver
  8899 | D:14     | Found a gate to the Vaults.
  9034 | D:14     | Reached skill level 10 in Invocations
  9232 | D:14     | Identified the ring of Devotion {Wiz Int+4} (You found it
                  | in a Gauntlet)
  9262 | D:15     | Entered Level 15 of the Dungeon
 10173 | D:15     | Found a staircase to the Depths.
 10491 | Lair:1   | Entered Level 1 of the Lair of Beasts
 10607 | Lair:1   | Noticed Fannar
 10617 | Lair:1   | Killed Fannar
 10617 | Lair:1   | Gained mutation: You resist negative energy. (rN+) [Deep
                  | Dwarf growth]
 10617 | Lair:1   | Reached XP level 14. HP: 136/136 MP: 12/12
 10662 | Lair:2   | Found a staircase to the Snake Pit.
 10683 | Snake:1  | Entered Level 1 of the Snake Pit
 10721 | Snake:1  | Reached ****** piety under Makhleb
 10737 | Snake:1  | You fall into a shaft and drop 1 floor!
 10809 | Snake:2  | Reached skill level 15 in Axes
 11025 | Snake:4  | Entered Level 4 of the Snake Pit
 11125 | Snake:4  | Noticed a nagaraja
 11141 | Snake:4  | Killed a nagaraja
 11146 | Snake:4  | Noticed a nagaraja
 11146 | Snake:4  | Noticed a nagaraja
 11151 | Snake:4  | Noticed a balrug
 11169 | Snake:4  | Killed a nagaraja
 11177 | Snake:4  | Killed a nagaraja
 11177 | Snake:4  | Reached XP level 15. HP: 50/147 MP: 13/13
 11190 | Snake:4  | Reached skill level 16 in Axes
 11227 | Snake:4  | Noticed a nagaraja
 11231 | Snake:4  | Got a serpentine rune of Zot
 11239 | Snake:4  | Noticed a nagaraja
 11240 | Snake:4  | Killed a nagaraja
 11250 | Snake:4  | Killed a nagaraja
 11435 | Snake:1  | Noticed Frances
 11443 | Snake:1  | Killed Frances
 11667 | Lair:2   | Found a staircase to the Swamp.
 11702 | Swamp:1  | Entered Level 1 of the Swamp
 11967 | Swamp:3  | Noticed a tentacled monstrosity
 11978 | Swamp:3  | Killed a tentacled monstrosity
 12131 | Swamp:4  | Entered Level 4 of the Swamp
 12187 | Swamp:4  | Noticed a thorn hunter
 12211 | Swamp:4  | Killed a thorn hunter
 12211 | Swamp:4  | Reached XP level 16. HP: 88/158 MP: 13/13
 12290 | Swamp:4  | Reached skill level 17 in Axes
 12310 | Swamp:4  | Noticed Bai Suzhen
 12349 | Swamp:4  | Killed Bai Suzhen
 12409 | Swamp:4  | Noticed the 27-headed Lernaean hydra
 12420 | Swamp:4  | Noticed an Executioner
 12431 | Swamp:4  | Killed the 26-headed Lernaean hydra
 12592 | Swamp:4  | Got a decaying rune of Zot
 12677 | Swamp:4  | Noticed a thorn hunter
 12690 | Swamp:4  | Killed a thorn hunter
 13109 | Vaults:1 | Entered Level 1 of the Vaults
 13275 | Vaults:1 | Found Keewn's General Store.
 13362 | Vaults:1 | Reached XP level 17. HP: 168/168 MP: 13/13
 13363 | Vaults:1 | Reached skill level 18 in Axes
 13368 | Vaults:1 | Bought 2 potions of haste for 380 gold pieces
 13400 | Vaults:2 | Noticed a Hell Sentinel
 13404 | Vaults:2 | Noticed a Brimstone Fiend
 13413 | Vaults:2 | Reached skill level 15 in Fighting
 13771 | Vaults:3 | Noticed Nikola
 13786 | Vaults:3 | Killed Nikola
 14251 | Vaults:4 | Gained mutation: You passively map a large area around you.
                  | [Deep Dwarf growth]
 14251 | Vaults:4 | Reached XP level 18. HP: 152/181 MP: 15/15
 14342 | Vaults:4 | Reached skill level 19 in Axes
 14354 | Vaults:4 | Reached skill level 15 in Invocations
 14621 | Vaults:4 | Found Hyerypn's Assorted Antiques.
 15288 | Vaults:5 | Entered Level 5 of the Vaults
 15309 | Vaults:5 | Reached skill level 15 in Shields
 15341 | Vaults:5 | Noticed a tentacled monstrosity
 15347 | Vaults:5 | Noticed a tentacled monstrosity
 15371 | Vaults:5 | Killed a tentacled monstrosity
 15381 | Vaults:5 | Killed a tentacled monstrosity
 15385 | Vaults:5 | Reached XP level 19. HP: 190/190 MP: 16/16
 15402 | Vaults:5 | Reached skill level 15 in Armour
 15441 | Vaults:5 | Reached skill level 20 in Axes
 15507 | Vaults:5 | Got a silver rune of Zot
 15842 | Depths:1 | Entered Level 1 of the Depths
 16011 | Depths:2 | Found a gateway to Hell.
 16013 | Depths:2 | Found a gateway to a ziggurat.
 16426 | Depths:3 | Noticed a juggernaut
 16434 | Depths:3 | Killed a juggernaut
 16607 | Depths:4 | Found a one-way gate to the infinite horrors of the Abyss.
 16685 | Depths:4 | Reached XP level 20. HP: 201/201 MP: 17/17
 16859 | Depths:5 | Entered Level 5 of the Depths
 17017 | Depths:5 | Found Turebbel's Jewellery Shop.
 17021 | Depths:5 | Found Zosy's Jewellery Shop.
 17023 | Depths:5 | Found Kismaida's Gadget Emporium.
 17074 | Depths:5 | Noticed a juggernaut
 17090 | Depths:5 | Killed a juggernaut
 17090 | Depths:5 | Reached skill level 21 in Axes
 17128 | Depths:5 | Noticed a bone dragon
 17149 | Depths:5 | Killed a bone dragon
 17164 | Depths:5 | Found a gate to the Realm of Zot.
 17202 | Zot:1    | Entered Level 1 of the Realm of Zot
 17390 | Zot:2    | Noticed a golden dragon
 17401 | Zot:2    | Killed a golden dragon
 17578 | Depths:5 | Bought the ring "Torghadane" {rElec rPois rN+ Str-2} for
                  | 714 gold pieces
 17752 | Zot:3    | Found a transporter.
 18001 | Zot:3    | Found a transporter.
 18095 | Zot:4    | Reached XP level 21. HP: 187/213 MP: 17/17
 18158 | Zot:5    | Entered Level 5 of the Realm of Zot
 18174 | Zot:5    | Noticed a golden dragon
 18206 | Zot:5    | Killed a golden dragon
 18315 | Zot:5    | Noticed an ancient lich
 18323 | Zot:5    | Noticed a curse toe
 18335 | Zot:5    | Killed an ancient lich
 18347 | Zot:5    | Killed a curse toe
 18372 | Zot:5    | Noticed an orb of fire
 18373 | Zot:5    | Noticed an orb of fire
 18375 | Zot:5    | Noticed an orb of fire
 18377 | Zot:5    | Noticed a Killer Klown
 18379 | Zot:5    | Gained mutation: Potions are less effective at restoring
                  | your health. [an orb of fire]
 18385 | Zot:5    | Gained mutation: You are frail. (-10% HP) [an orb of fire]
 18385 | Zot:5    | Gained mutation: You tend to lose your temper in combat.
                  | [an orb of fire]
 18388 | Zot:5    | Gained mutation: You are clumsy. (Dex -2) [an orb of fire]
 18390 | Zot:5    | Noticed a Killer Klown
 18399 | Zot:5    | Gained mutation: Armour fits poorly on your strangely
                  | shaped body. [an orb of fire]
 18453 | Zot:5    | Gained mutation: You are weak. (Str -2) [an orb of fire]
 18455 | Zot:5    | Killed an orb of fire
 18455 | Zot:5    | Reached skill level 22 in Axes
 18470 | Zot:5    | Killed an orb of fire
 18473 | Zot:5    | Killed an orb of fire
 18539 | Zot:5    | Noticed an orb of fire
 18554 | Zot:5    | Gained mutation: Your magical capacity is low. (-10% MP)
                  | [an orb of fire]
 18565 | Zot:5    | HP: 9/192 [Killer Klown/klown pie (30)]
 18565 | Zot:5    | Demolished by an Orb Guardian

Levels and vault maps discovered:
D:1:      matt_arrival_los_fun, layout_basic
D:2:      layout_basic
D:3:      minmay_chambers_of_threes, layout_basic, first_ration,
          minmay_bisected, uniq_jessica
D:4:      layout_loops_ring, lemuel_round_altar, temple_fountains,
          vehumet_altar_wand_db, uniq_crazy_yiuf_cottage, uniq_sigmund
D:5:      layout_loops_cross, serial_rivers, chequers_serial_rivers_micro_d,
          chequers_serial_rivers_micro_d, chequers_serial_rivers_marsh,
          chequers_serial_rivers_small_3, chequers_serial_rivers_large_a,
          serial_shops, shop, okawaru_trees_1
D:6:      layout_cave_pools, lemuel_flame_loot_1, uniq_pikel
D:7:      layout_rooms, kennysheep_mini_moat, nicolae_dithmenos_the_darkroom
D:8:      layout_cave_pools
D:9:      minmay_the_grid_triangle_9x9_rhombus_full
          [minmay_the_grid_triangle_9x9_wacky_v,
          minmay_the_grid_triangle_9x9_zippers_horizontal,
          minmay_the_grid_triangle_9x9_minimal,
          minmay_the_grid_triangle_9x9_dagger,
          minmay_the_grid_triangle_9x9_intruding_spiral,
          minmay_the_grid_triangle_9x9_pentomino_pain,
          minmay_the_grid_triangle_9x9_sparse_checkered,
          minmay_the_grid_triangle_9x9_prize_top_heavy], layout_rooms,
          uniq_erica, uniq_harold
D:10:     layout_basic, david_lair_generic, nicolae_trove_entry_crystal,
          uniq_josephine
D:11:     layout_loops_ring, serial_glass, glass_columns_b, glass_columns_a,
          serial_shops, nicolae_shop_stone
D:12:     layout_roguey, minmay_orc_entry_temple_small, serial_shops,
          nicolae_shop_waterfront, uniq_azrael, uniq_sonja
D:13:     layout_irregular_city, serial_shops, shop_statue, uniq_urug
D:14:     layout_basic, skrybe_vaults_entry_preservation, serial_shops, shop,
          gauntlet_entry_generic, hangedman_abyss_or_decor_clamps
D:15:     grunt_enter_depths_snipers, layout_long_grid
Temple:   regret_index_temple_chain_breaker
Lair:1:   layout_roguey, portal_ice_cave_entry_pillars_1, beast_lair_carwin_7,
          uniq_fannar
Lair:2:   minmay_lair_oklob_tunnel, layout_long_grid, palyth_hydra_swamp_entry,
          minmay_snake_entry_six_corridors, gammafunk_ghost_grave,
          zaba_antful_of_joy
Swamp:1:  layout_basic_swamp, serial_swamp_ruin, evilmike_swamp_ruin_house_5,
          evilmike_swamp_ruin_house_4, swamp_pool3, uniq_kirke
Swamp:2:  layout_basic_swamp, evilmike_swamp_ruin_house_2,
          infiniplex_staircase_pool
Swamp:3:  layout_falls_marsh, evilmike_swamp_ruin_house_3
Swamp:4:  swamp_old_school, layout_basic_swamp, uniq_bai_suzhen
Snake:1:  layout_gridlike, uniq_frances
Snake:2:  layout_chambers, ebering_ghost_rock_garden
Snake:3:  layout_basic, grunt_ministairs_11, corexii_hall_statues_i,
          st_stairs_9, grunt_megastairs_4
Snake:4:  snake_pit, layout_cave_pods, serial_shops, freezing_bzr,
          abandoned_shop, uniq_mara
Vaults:1: gammafunk_vaults_ghost_tricky_traps, vaults_standard_mumra_lines,
          v_misc_33, vaults_room_large_hall, v_misc_13, hangedman_vaults_slice,
          vaults_room_grid, ontoclasm_vaults_ligature, v_misc_5, st_lattice,
          ontoclasm_vaults_shuriken, vaults_room_hallway, v_pattern_1,
          nicolae_vaults_shelves_hall, layout_vaults_omnibox, serial_shops,
          shop, nicolae_shop_competitors_out_of_business,
          nicolae_shop_statue_plus
Vaults:2: ontoclasm_vaults_misaligned, ontoclasm_vaults_gateway,
          vaults_room_door_ring, nicolae_vaults_sealed_display,
          nicolae_vaults_meeting, vaults_dpeg_spiral, grunt_vaults_hallway_long,
          v_misc_11, v_misc_26, layout_vaults_quadrants
Vaults:3: hangedman_vaults_snaps, hangedman_vaults_stitches,
          vaults_room_corners, nicolae_vaults_diagonal_hallway_7,
          vaults_mumra_lcd, layout_vaults_big_room, dummy_crypt_entry,
          uniq_nikola
Vaults:4: nicolae_vaults_little_ls, v_rooms_1, vaults_dpeg_hooks,
          nicolae_vaults_twisting_passages, grunt_vaults_swirl,
          vaults_room_fancy_cross, hangedman_vaults_nails,
          nicolae_vaults_ring_of_whatevers, nicolae_vaults_quartermaster,
          vaults_mumra_minichess_inversion, vaults_dpeg_ring,
          ontoclasm_vaults_ring_small, layout_vaults_omnicross, serial_shops,
          shop
Vaults:5: serial_shops, uniq_frederick
Depths:1: layout_cross, nicolae_wwwww, hell_entry, grunt_pan_entry_sceptre,
          nicolae_abyss_entry_one_way_or_another, grunt_ministairs_9, door_vault
Depths:2: hangedman_slaughterboxes, hell_entry
Depths:3: minmay_textured_paths, layout_small_grid, rand_demon_pan_entry_3,
          serial_shops, kennysheep_mini, pf_hell_entry_great_geh,
          infiniplex_staircase_trident
Depths:4: cheibrodos_lost_city_excavation, layout_basic, hell_entry,
          abyss_entry, hangedman_decor_push, infiniplex_staircase_star,
          uniq_saint_roka
Depths:5: grunt_zot_entry_tricorne, layout_cave_pools, rand_demon_pan_entry_1,
          hell_entry, minmay_crystal_water, minmay_shop_grove
Zot:1:    layout_concentric_octagons
Zot:2:    layout_concentric_octagons, hangedman_player_shredder
Zot:3:    gammafunk_its_a_trap, layout_basic
Zot:4:    layout_onion_interference
Zot:5:    layout_misc_corridors

Skill      XL: |  1  2  3  4  5  6  7  8  9 10 11 12 13 14 15 16 17 18 19 20 21 |
---------------+----------------------------------------------------------------+-----
Axes           | 3 4 5 6 8 10 11 12 13 14 15 16 17 18 19 20 21 22 | 22.1
Fighting       | 3 4 5 7 8 9 10 11 13 14 15 16 17 18 | 18.8
Shields        | 4 5 6 7 8 9 10 11 12 13 14 15 16 | 16.9
Armour         | 4 5 6 7 8 9 10 11 12 13 14 15 16 | 16.7
Invocations    | 3 5 7 9 10 11 12 13 14 15 16 17 18 | 18.1

Action                   |  1- 3 |  4- 6 |  7- 9 | 10-12 | 13-15 | 16-18 | 19-21 || total
-------------------------+-------+-------+-------+-------+-------+-------+-------++-------
Melee: War axe           |    98 |    95 |   443 |   815 |       |       |       ||  1451
       Broad axe         |       |       |       |   106 |   860 |   960 |  1005 ||  2931
Invok: Greater Servant o |       |       |       |       |     2 |     3 |       ||     5
 Abil: Heal Wounds       |     1 |     7 |    17 |    20 |    10 |    12 |    33 ||   100
       Evoke Invisibilit |       |       |     1 |       |     1 |     1 |       ||     3
  Use: Scroll            |       |       |    12 |    13 |     4 |     7 |     5 ||    41
       Potion            |       |       |     1 |       |     8 |     3 |     6 ||    18
 Stab: Invisible         |       |       |     2 |       |     3 |     7 |       ||    12
  Eat: Chunk             |       |     1 |     8 |    19 |    11 |     9 |    11 ||    59
       Ration            |       |       |     1 |       |     1 |     1 |       ||     3
Armor: Scale mail        |    45 |    49 |   101 |       |       |       |       ||   195
       Plate armour      |       |       |   130 |   461 |   624 |   544 |   255 ||  2014
       Skin              |       |       |     5 |       |       |       |       ||     5
       Gold dragon scale |       |       |       |       |       |       |   266 ||   266
       Storm dragon scal |       |       |       |       |       |       |    18 ||    18
Dodge: Dodged            |    38 |    36 |   133 |   165 |   193 |   146 |   128 ||   839
Block: Kite shield       |    56 |    68 |   285 |   725 |   821 |       |       ||  1955
       Reflection        |       |       |       |    16 |    92 |    63 |    28 ||   199
       Tower shield      |       |       |       |       |   132 |  1116 |  1128 ||  2376

Table legend:
 A = Non-vault XP
 B = Vault XP
 C = Vault XP percentage of total XP
 D = Non-vault monster count
 E = Vault monster count
 F = Vault count percentage of total count
                 A         B        C        D         E       F
            +---------+---------+-------+---------+---------+-------
      Total |  396460 |  272061 |  40.7 |     767 |     329 |  30.0
            +---------+---------+-------+---------+---------+-------
        D:1 |      23 |       0 |   0.0 |       6 |       0 |   0.0
        D:2 |      51 |       0 |   0.0 |      14 |       0 |   0.0
        D:3 |      19 |      26 |  57.8 |       4 |       6 |  60.0
        D:4 |     663 |     258 |  28.0 |      23 |       3 |  11.5
        D:5 |     552 |       0 |   0.0 |      24 |       0 |   0.0
        D:6 |    1375 |     593 |  30.1 |      21 |       1 |   4.5
        D:7 |     617 |       0 |   0.0 |      18 |       0 |   0.0
        D:8 |     499 |       0 |   0.0 |       9 |       0 |   0.0
        D:9 |    2322 |    4631 |  66.6 |      44 |      21 |  32.3
       D:10 |    1928 |    2624 |  57.6 |      19 |       9 |  32.1
       D:11 |    4734 |       0 |   0.0 |      36 |       0 |   0.0
       D:12 |    6996 |    3237 |  31.6 |      44 |      16 |  26.7
       D:13 |    4780 |     831 |  14.8 |      19 |       1 |   5.0
       D:14 |    8722 |    4498 |  34.0 |      30 |       9 |  23.1
       D:15 |    6370 |     935 |  12.8 |      20 |       1 |   4.8
     Lair:1 |    1240 |    2407 |  66.0 |       5 |       6 |  54.5
     Lair:2 |     143 |    4461 |  96.9 |       1 |      21 |  95.5
    Swamp:1 |     173 |       0 |   0.0 |       1 |       0 |   0.0
    Swamp:2 |    9716 |       0 |   0.0 |      32 |       0 |   0.0
    Swamp:3 |    9678 |       0 |   0.0 |      16 |       0 |   0.0
    Swamp:4 |   16906 |   22604 |  57.2 |      31 |      24 |  43.6
    Snake:1 |    7169 |    2318 |  24.4 |      14 |       1 |   6.7
    Snake:2 |   10611 |       0 |   0.0 |      22 |       0 |   0.0
    Snake:3 |    7024 |     473 |   6.3 |      14 |       3 |  17.6
    Snake:4 |    5889 |   26426 |  81.8 |      12 |      41 |  77.4
   Vaults:1 |   16539 |   12144 |  42.3 |      29 |      13 |  31.0
   Vaults:2 |   32180 |    3064 |   8.7 |      43 |       5 |  10.4
   Vaults:3 |   14894 |    5730 |  27.8 |      20 |       4 |  16.7
   Vaults:4 |   55848 |   31915 |  36.4 |      69 |      40 |  36.7
   Vaults:5 |    4228 |   47019 |  91.7 |       5 |      35 |  87.5
   Depths:1 |    9775 |      50 |   0.5 |       7 |       1 |  12.5
   Depths:2 |       0 |   14489 | 100.0 |       0 |      18 | 100.0
   Depths:3 |   13991 |       0 |   0.0 |      10 |       0 |   0.0
   Depths:4 |   33457 |    1118 |   3.2 |      35 |       3 |   7.9
   Depths:5 |   35711 |   17757 |  33.2 |      30 |      12 |  28.6
      Zot:1 |    1709 |       0 |   0.0 |       1 |       0 |   0.0
      Zot:2 |    5138 |    8685 |  62.8 |       4 |       5 |  55.6
      Zot:3 |   23949 |       0 |   0.0 |      18 |       0 |   0.0
      Zot:4 |    8757 |       0 |   0.0 |       5 |       0 |   0.0
      Zot:5 |   32084 |   49374 |  60.6 |      12 |      11 |  47.8
   Gauntlet |       0 |    4394 | 100.0 |       0 |      19 | 100.0
            +---------+---------+-------+---------+---------+-------
